 Dungeon Crawl Stone Soup version 0.27.1-33-g824d729ab1 (webtiles) character file.

Game seed: 2213431449598472341

194 DenSaoPin the Chopper (level 5, 0/45 HPs)
             Began as a Hill Orc Monk on Nov 25, 2021.
             Splashed by a jelly's acid (1 damage)
             ... on level 2 of the Dungeon.
             The game lasted 00:06:32 (4658 turns).

DenSaoPin the Chopper (Hill Orc Monk)               Turns: 4658, Time: 00:06:33

Health: 0/45       AC:  9    Str: 15    XL:     5   Next: 73%
Magic:  5/5        EV:  7    Int: 10    God:
Gold:   98         SH:  0    Dex: 13    Spells: 4/4 levels left

rFire    . . .     SeeInvis .   a - +0 hand axe
rCold    . . .     Faith    .   (no shield)
rNeg     . . .     Spirit   .   h - +0 chain mail
rPois    .         Reflect  .   (no helmet)
rElec    .         Harm     .   (no cloak)
rCorr    .         Rampage  .   (no gloves)
Will     .....                  (no boots)
Stlth    ..........             (no amulet)
HPRegen  0.15/turn              (no ring)
MPRegen  0.09/turn              (no ring)

@: no status effects
A: no striking features
a: no special abilities


You were on level 2 of the Dungeon.
You visited 1 branch of the dungeon, and saw 4 of its levels.

You collected 98 gold pieces.

Inventory:

Hand Weapons
 a - a +0 hand axe (weapon)
Armour
 b - a +0 robe
 h - a +0 chain mail (worn)
Scrolls
 c - 2 scrolls of blinking {unknown}
 d - 2 scrolls of magic mapping {unknown}
 e - 4 scrolls of identify {unknown}
 f - 2 scrolls of noise {unknown}
 i - a scroll of fear {unknown}
Potions
 j - a potion of curing


   Skills:
 - Level 3.6 Fighting
 + Level 6.4 Axes
 + Level 4.0 Armour
 - Level 2.4 Dodging
 - Level 1.5 Stealth


You had 4 spell levels left.
You didn't know any spells.
Your spell library contained the following spells:

 Spells                   Type           Power      Damage    Failure   Level
 Fulminant Prism          Conj/Hex       0%         3d6       100%        4
 Iskenderun's Mystic Bla  Conj/Tloc      0%         2d3       100%        4
 Lee's Rapid Deconstruct  Erth           0%         3d5*      100%        5


Dungeon Overview and Level Annotations

Branches:
Dungeon (4/15)
 Temple: D:4-7

Altars:
Gozag
Kikubaaqudgha
Sif Muna
Uskayaw

Shops:
D:3 (*:


Message History

The gnoll hits you with a +0 club. The jelly hits you.
You are splashed with acid!
You are no longer corroded.
You see here a +0 club.
There is an open door here.
There is an open door here.
The jelly hits you but does no damage.
There is a stone staircase leading up here.
There is an escape hatch in the ceiling here.
The jelly hits you but does no damage. A mysterious force pulls you upwards.
The hatch slams shut behind you.
You hit the jelly.
Your hands burn!
The jelly is moderately wounded.
The jelly hits you but does no damage.
You hit the jelly.
Your hands burn!
The jelly is severely wounded.
The jelly hits you but does no damage.
You hit the jelly. The acid corrodes you!
Your hands burn!
The jelly is almost dead.
The jelly hits you.
You are splashed with acid!
* * * LOW HITPOINT WARNING * * *
You hit the jelly but do no damage.
Your hands burn!
* * * LOW HITPOINT WARNING * * *
The jelly is almost dead.
The jelly hits you but does no damage.
You hit the jelly.
Your hands burn!
* * * LOW HITPOINT WARNING * * *
The jelly is almost dead.
The jelly hits you but does no damage.
You hit the jelly but do no damage.
Your hands burn!
* * * LOW HITPOINT WARNING * * *
The jelly is almost dead.
The jelly hits you but does no damage.
You are no longer corroded.
You hit the jelly but do no damage.
Your hands burn!
* * * LOW HITPOINT WARNING * * *
The jelly is almost dead.
The jelly barely misses you.
You hit the jelly but do no damage.
Your hands burn!
You die...

#........#.####### #.#
.........#.#.....###.#####
.........#.#.†...##......#
........##...)...##.####.#
.#.##.#.####.....##.####.#
)≈.##.#.# #.....#...#...#
≈≈♣##.#.# #####...#...#.#
##.##.#.# ###.##.##...#
..♣##.#.# #..@#.†.#.)##
≈..<....######..J#...#..#
♣..)#.####.......#.#.#..#
##)##......#####.##.##..#
..)######### #........#
≈≈.# #.#......# ≈..#
#.##.#.### .(.#####
#.##...# .###...# #......#


You could see a jelly.

Vanquished Creatures
  2 hounds
  5 gnolls
  An adder (D:3)
  An ufetubus (D:4)
  A worm (D:3)
  2 dart slugs (D:2)
  4 orcs
  A ball python (D:2)
  5 bats
  2 endoplasms
  A giant cockroach (D:3)
  3 goblins
  8 hobgoblins
  4 jackals (D:1)
  7 kobolds
  3 quokkas
  2 frilled lizards
  7 rats
59 creatures vanquished.

Notes
Turn   | Place    | Note
-------+----------+-------------------------------------------
     0 | D:1      | DenSaoPin the Hill Orc Monk began the quest for the Orb.
     0 | D:1      | Reached XP level 1. HP: 19/19 MP: 1/1
   345 | D:1      | Reached skill level 1 in Armour
   346 | D:1      | Reached XP level 2. HP: 25/26 MP: 2/2
  1161 | D:2      | Reached XP level 3. HP: 29/31 MP: 3/3
  1350 | D:2      | Found a faded altar of an unknown god.
  1486 | D:2      | Reached skill level 5 in Axes
  1676 | D:1      | Reached XP level 4. HP: 3/39 MP: 4/4
  3122 | D:3      | Found Kyusecze's Book Boutique.
  3213 | D:3      | Found Guseil's General Store.
  3227 | D:3      | Found a large runed translucent door.
  3231 | D:3      | Found a large runed translucent door.
  3377 | D:3      | Found a shimmering blue altar of Sif Muna.
  3628 | D:3      | Found an ancient bone altar of Kikubaaqudgha.
  3792 | D:3      | Found Oniastis's Weapon Emporium.
  3929 | D:3      | Found a hide-covered altar of Uskayaw.
  3937 | D:3      | Found an opulent altar of Gozag.
  3950 | D:3      | Reached XP level 5. HP: 45/45 MP: 5/5
  3996 | D:3      | Reached skill level 6 in Axes
  4249 | D:4      | Noticed an ogre
  4657 | D:2      | HP: 1/45 [acid (5)]
  4658 | D:2      | Splashed by a jelly's acid

Illustrated notes

Levels and vault maps discovered:
D:1:      dpeg_arrival_renting, layout_loops_cross, hex_large
D:2:      layout_loops_cross, basic_ecumenical_altar,
          chequers_serial_rivers_marsh, minmay_distorted
D:3:      layout_basic, jmf_multi_god_temple2, nicolae_overflow_crystal_walls,
          serial_shops, shop, nicolae_shop_competitors_out_of_business,
          nicolae_diamond_shop, kennysheep_flooded_box
D:4:      layout_loops_ring

Skill      XL: |  1  2  3  4  5 |
---------------+----------------+-----
Armour         | 1 2 3 4 |  4.0
Axes           | 5 6 |  6.4
Fighting       | |  3.6
Dodging        | |  2.4
Stealth        | |  1.5

Action                   |  1- 3 |  4- 6 || total
-------------------------+-------+-------++-------
Melee: Hand axe          |    99 |   185 ||   284
  Use: Potion            |       |     2 ||     2
 Stab: Sleeping          |     2 |     1 ||     3
Armor: Robe              |    16 |    11 ||    27
       Chain mail        |       |    95 ||    95
Dodge: Dodged            |    52 |    89 ||   141
